 Dungeon Crawl Stone Soup version 0.29.1-12-g30fa7ad0bf (webtiles) character file.

Game seed: 13869591195722309078

970 mampy3000 the Cleaver (level 7, -5/61 HPs)
             Began as a Minotaur Berserker on Jan 17, 2023.
             Was a Believer of Trog.
             Slain by Duvessa
             ... wielding a +0 rapier
              (9 damage)
             ... on level 4 of the Dungeon on Jan 18, 2023.
             The game lasted 00:07:35 (2660 turns).

mampy3000 the Cleaver (Minotaur Berserker)          Turns: 2660, Time: 00:07:36

Health: -5/61      AC: 10    Str: 22    XL:     7   Next: 94%
Magic:  6/6        EV: 11    Int:  4    God:    Trog [**....]
Gold:   161        SH:  0    Dex: 11    Spells: 6/6 levels left

rFire   . . .      SeeInvis .   a - +2 hand axe
rCold   . . .      Faith    .   (no shield)
rNeg    . . .      Spirit   .   t - +0 scale mail
rPois   .          Reflect  .   (helmet restricted)
rElec   .          Harm     .   (no cloak)
rCorr   .          Rampage  .   j - +1 pair of gloves
Will    ++...                   (no boots)
Stlth   ..........              (no amulet)
HPRegen 1.20/turn               (no ring)
MPRegen 0.10/turn               (no ring)

@: strong-willed (expiring), regenerating (expiring)
A: horns 2, retaliatory headbutt
a: Renounce Religion, Berserk, Trog's Hand


You were on level 4 of the Dungeon.
You worshipped Trog.
Trog was pleased with you.
You visited 1 branch of the dungeon, and saw 4 of its levels.

You collected 161 gold pieces.

Inventory:

Hand Weapons
 a - a +2 hand axe (weapon)
Missiles
 n - a throwing net (quivered)
 o - 2 boomerangs
Armour
 b - a +0 animal skin
 h - a +0 ring mail
 j - a +1 pair of gloves (worn)
 t - a +0 scale mail (worn)
Wands
 m - a wand of paralysis (6)
Scrolls
 d - a scroll of identify
Potions
 c - a potion of might
 e - a potion of invisibility {unknown}
 f - a potion of ambrosia {unknown}
 i - a potion of degeneration {unknown}
 k - a potion of mutation {unknown}
 l - a potion of brilliance {unknown}
 p - 2 potions of flight


   Skills:
 + Level 5.5 Fighting
 + Level 8.0 Axes
 + Level 6.5 Armour
 + Level 3.3 Dodging
 + Level 1.4 Stealth


You had 6 spell levels left.
You didn't know any spells.
Your spell library was empty.

Dungeon Overview and Level Annotations

Branches:
Dungeon (4/15)
 Temple: D:4-7

Altars:

Annotations:
D:4 Duvessa


Innate Abilities, Weirdness & Mutations

You have a pair of horns on your head.
You reflexively headbutt those who attack you in melee.


Message History

You resist with almost no effort.
You barely miss Duvessa.
Duvessa is heavily wounded.
Duvessa barely misses you.
You hit Duvessa.
Duvessa is severely wounded.
You hit Dowan. You closely miss Duvessa.
Duvessa is severely wounded.
You completely miss Dowan. Duvessa hits you with a +0 rapier.
Dowan closely misses you. You furiously retaliate!
You headbutt Dowan! You slash Duvessa!
Duvessa is almost dead.
You slash Dowan!
You kill Dowan!
Trog accepts your kill.
Trog appreciates your killing of a magic user.
Duvessa screams, "No!
How DARE you!"
Duvessa goes berserk!
You feel the effects of Trog's Hand fading.
Duvessa hits you but does no damage. Duvessa hits you with a +0 rapier!
* * * LOW HITPOINT WARNING * * *
Your Axes skill increases to level 8!
You hit Duvessa.
Duvessa is almost dead.
Duvessa hits you but does no damage.
You hit Duvessa but do no damage.
Duvessa is almost dead.
Duvessa hits you with a +0 rapier.
* * * LOW HITPOINT WARNING * * *
You hit Duvessa.
Duvessa is almost dead.
Duvessa hits you with a +0 rapier!
* * * LOW HITPOINT WARNING * * *
Duvessa barely misses you. You furiously retaliate!
You headbutt Duvessa, but do no damage. You hit Duvessa but do no damage.
Duvessa is almost dead.
Duvessa hits you with a +0 rapier!
You die...

.........#######..#
#.# ###.#....# #..#
#.# #.#....# #..#
#.#
##......##+#+##.##
#.#
##.....#.#⌠.5..#.#
#.#
....#..#.#85e..'.#
#.# ...###.#.# #.#
#.# ##.#
#...#######)# #.#
##.# ###.......e@#
#.# ...#
############# #.#
.#####.........#
#.#
##.⌠.##.#.####.#
#.# #.#.#.#.#.# #.#
#.# ...#[.')#.# #.#
#.#.# ......)...#
#.# #.#.#
...#..))###
#.#######.#.#
#.#.#.#.#
#.#.......#.#


You could see Duvessa (berserk).

Vanquished Creatures
  Pikel (D:4)
  The ghost of hawla the Chiller, an amateur MeIE (D:4)
  3 lemures (D:4)
  A kobold brigand (D:4)
  A phantom (D:4)
  A necrophage (D:4)
  Blork the orc (D:4)
  Dowan (D:4)
  4 adders
  2 dart slugs (D:3)
  2 orcs (D:4)
  6 ball pythons
  3 bats
  5 endoplasms
  2 giant cockroaches
  5 goblins
  3 hobgoblins
  4 jackals (D:4)
  8 kobolds
  4 frilled lizards
  7 rats
65 creatures vanquished.

Notes
Turn   | Place    | Note
-------+----------+-------------------------------------------
     0 | D:1      | mampy3000 the Minotaur Berserker began the quest for the
                  | Orb.
     0 | D:1      | Reached XP level 1. HP: 19/19 MP: 0/0
   192 | D:1      | Reached XP level 2. HP: 27/27 MP: 1/1
   420 | D:1      | Found a faded altar of an unknown god.
   559 | D:1      | Reached skill level 4 in Axes
  1059 | D:2      | Reached XP level 3. HP: 33/33 MP: 2/2
  1126 | D:2      | Reached ** piety under Trog
  1787 | D:3      | Reached XP level 4. HP: 41/41 MP: 3/3
  2130 | D:4      | Noticed Blork the orc
  2136 | D:4      | Killed Blork the orc
  2137 | D:4      | Reached skill level 5 in Axes
  2150 | D:4      | Reached XP level 5. HP: 38/47 MP: 4/4
  2250 | D:4      | Noticed a phantom
  2258 | D:4      | Killed a phantom
  2259 | D:4      | Reached skill level 1 in Stealth
  2259 | D:4      | Reached XP level 6. HP: 55/55 MP: 5/5
  2467 | D:4      | Noticed hawla's ghost (amateur MeIE)
  2470 | D:4      | Found a runed translucent gate.
  2470 | D:4      | Found a runed translucent gate.
  2471 | D:4      | Found a runed translucent gate.
  2477 | D:4      | Reached skill level 6 in Axes
  2478 | D:4      | Paralysed by a kobold for 2 turns
  2483 | D:4      | Killed hawla's ghost
  2484 | D:4      | Reached skill level 5 in Fighting
  2484 | D:4      | Reached skill level 5 in Armour
  2601 | D:4      | Noticed Duvessa
  2601 | D:4      | Noticed Pikel
  2602 | D:4      | Noticed Dowan
  2641 | D:4      | Killed Pikel
  2642 | D:4      | Reached skill level 7 in Axes
  2642 | D:4      | Reached XP level 7. HP: 18/61 MP: 6/6
  2656 | D:4      | Killed Dowan
  2657 | D:4      | Reached skill level 8 in Axes
  2659 | D:4      | HP: 3/61 [Duvessa/+0 rapier (9)]
  2660 | D:4      | Slain by Duvessa

Illustrated notes

Levels and vault maps discovered:
D:1:      psy_arrival_terrarium, layout_basic,
          dilly_ecumenical_altar_fadedgnrine, dk_noncrumbling_3
D:2:      layout_loops_ring, minmay_misc_feat_room, grunt_decor_arrowhead
D:3:      layout_rooms
D:4:      dreamdust_elfheim, layout_basic, gammafunk_ghost_nasty_kobolds,
          st_stairs_14, uniq_pikel, uniq_duvessa, uniq_blork_the_orc, uniq_ijyb

Skill      XL: |  1  2  3  4  5  6  7 |
---------------+----------------------+-----
Fighting       | 4 5 |  5.5
Axes           | 4 5 7 8 |  8.0
Armour         | 3 4 6 |  6.5
Stealth        | 1 |  1.4
Dodging        | 3 |  3.3

Action                   |  1- 3 |  4- 6 |  7- 9 || total
-------------------------+-------+-------+-------++-------
Melee: Hand axe          |    63 |    62 |    17 ||   142
       Headbutt          |     7 |    11 |     2 ||    20
Invok: Berserk           |     1 |     4 |       ||     5
       Trog's Hand       |       |     1 |     1 ||     2
  Use: Scroll            |     3 |     7 |       ||    10
       Potion            |       |     1 |     1 ||     2
Armor: Animal skin       |     1 |       |       ||     1
       Ring mail         |    20 |       |       ||    20
       Scale mail        |       |    27 |     5 ||    32
Dodge: Dodged            |    30 |    42 |     5 ||    77
